 Dungeon Crawl Stone Soup version 0.30-a0-219-gf2db51d15e (webtiles) character file.

Game seed: 11735387489311554054

25066 porpoise the Warrior (level 13, 0/124 HPs)
             Began as a Kobold Brigand on Oct 7, 2022.
             Was an Elder of Hepliaklqana.
             Slain by a five-headed hydra (4 damage)
             ... on level 3 of the Lair of Beasts.
             The game lasted 01:05:07 (15552 turns).

porpoise the Warrior (Kobold Brigand)              Turns: 15552, Time: 01:05:08

Health: 0/124      AC: 13    Str:  8    XL:     13   Next: 47%
Magic:  17/17      EV: 21    Int: 14    God:    Hepliaklqana [****..]
Gold:   781        SH: 15    Dex: 23    Spells: 12/12 levels left

rFire   . . .      SeeInvis .    a - +3 dagger (elec)
rCold   + + +      Faith    .    M - +1 buckler
rNeg    + . .      Spirit   .    A - +2 leather armour {rC+}
rPois   .          Reflect  +    m - +2 helmet "Jozxaonk" {Dex+3}
rElec   .          Harm     .    c - +0 cloak
rCorr   .          Rampage  .    r - +0 pair of gloves
Will    +....                    X - +1 pair of boots of the Game Afoot {rC+ rN+ Str-5}
Stlth   ..........               I - amulet "Enuotiko" {Reflect Str+5 SH+5}
HPRegen 0.40/turn                o - ring of protection from cold
MPRegen 0.15/turn                v - ring of willpower

@: berserking, studying Shields, very quick
A: reduced essence, small, no large weapons, nightstalker 3
a: Renounce Religion, Recall Ancestor, Ancestor Identity, Transference, Idealise


You were on level 3 of the Lair of Beasts.
You worshipped Hepliaklqana.
Hepliaklqana was greatly pleased with you.
You visited 2 branches of the dungeon, and saw 13 of its levels.
You also visited: Bailey.

You collected 781 gold pieces.

Inventory:

Hand Weapons
 a - a +3 dagger of electrocution (weapon)
 b - a +2 short sword of venom
Missiles
 d - 41 poisoned darts (quivered)
 e - 3 curare-tipped darts
 K - 5 datura-tipped darts
 L - 9 boomerangs
Armour
 c - a +0 cloak (worn)
 m - the +2 helmet "Jozxaonk" (worn) {Dex+3}
   (You found it on level 2 of the Dungeon)

   Dex:       It affects your dexterity (+3).
 r - a +0 pair of gloves (worn)
 A - a +2 leather armour of cold resistance (worn)
 M - a +1 buckler (worn)
 X - the +1 pair of boots of the Game Afoot (worn) {rC+ rN+ Str-5}
   (You found it in a bailey)

   Str:       It affects your strength (-5).
   rC:        It protects you from cold.
   rN:        It protects you from negative energy.
Magical Staves
 n - a staff of earth
Jewellery
 o - a ring of protection from cold (left hand)
 s - an amulet of guardian spirit
 v - a ring of willpower (right hand)
 y - an amulet of faith
 B - a ring of magical power
 I - the amulet "Enuotiko" (around neck) {Reflect Str+5 SH+5}
   (You found it on level 6 of the Dungeon)

   [amulet of reflection]

   It reflects blocked missile attacks.
   Str:       It affects your strength (+5).
   SH:        It affects your SH (+5).
Wands
 g - a wand of polymorph (6)
 l - a wand of paralysis (2)
 q - a wand of digging (6)
Scrolls
 f - a scroll of identify
 h - 4 scrolls of vulnerability
 D - a scroll of poison
 G - a scroll of fog
Potions
 p - a potion of mutation
 t - a potion of resistance
 w - a potion of lignification
 x - 3 potions of curing
 z - a potion of invisibility
 C - a potion of attraction
 E - a potion of brilliance
 P - 4 potions of might
 R - 2 potions of ambrosia
 T - a potion of heal wounds
Miscellaneous
 j - a box of beasts


   Skills:
 - Level 16.0 Fighting
 - Level 10.6 Short Blades
 - Level 6.0 Throwing
 + Level 4.7 Armour
 - Level 9.0 Dodging
 - Level 12.0 Stealth
 + Level 10.5 Shields
 + Level 5.7 Invocations
 - Level 5.0 Evocations


You had 12 spell levels left.
You didn't know any spells.
Your spell library contained the following spells:

 Spells                   Type           Power      Damage    Failure   Level
 Beastly Appendage        Tmut           0%         N/A       47%         1
 Foxfire                  Conj/Fire      0%         2x1d4     47%         1
 Slow                     Hex            0%         N/A       47%         1
 Ensorcelled Hibernation  Hex/Ice        0%         N/A       63%         2
 Scorch                   Fire           0%         2d5       63%         2
 Wereblood                Tmut           0%         N/A       63%         2
 Confusing Touch          Hex            0%         N/A       85%         3
 Kindle Blastsparks       Fire/Tloc/Air  0%         2d10      85%         3
 Portal Projectile        Hex/Tloc       0%         N/A       85%         3
 Spider Form              Tmut/Pois      0%         N/A       85%         3
 Tukima's Dance           Hex            0%         N/A       85%         3
 Vampiric Draining        Necr           0%         2d6       85%         3
 Anguish                  Hex/Necr       0%         N/A       99%         4
 Flame Wave               Conj/Fire      0%         2d4       99%         4
 Fulminant Prism          Conj/Hex       0%         3d6       99%         4
 Iskenderun's Mystic Bla  Conj/Tloc      0%         2d3       99%         4
 Blade Hands              Tmut           0%         N/A       100%        5
 Fireball                 Conj/Fire      0%         3d3       100%        5
 Lee's Rapid Deconstruct  Erth           0%         3d5*      100%        5
 Starburst                Conj/Fire      0%         6d3       100%        6
 Summon Cactus Giant      Summ           0%         N/A       100%        6
 Chain Lightning          Conj/Air       0%         N/A       100%        9
 Fire Storm               Conj/Fire      0%         5d1       100%        9
 Shatter                  Erth           0%         3d5*      100%        9


Dungeon Overview and Level Annotations

Branches:
Dungeon (10/15)            Temple (0/1) D:6            Lair (3/5) D:8
  Swamp (0/4) Lair:3       Spider (0/4) Lair:3       Bailey (visited)
    Orc: D:9-12

Altars:
Ashenzari
Hepliaklqana
Uskayaw
Wu Jian
Yredelemnul
Zin

Annotations:
D:10 exclusion: orange crystal statue
Lair:3 Oggein's ghost, journeyman MyBe


Innate Abilities, Weirdness & Mutations

Your life essence is reduced to manifest your ancestor. (-10% HP)
You are small and have problems with some larger weapons.
You are completely attuned to the shadows.


Message History

A yak and a five-headed hydra come into view.
Found a scroll of blinking.
Found 12 gold pieces.
A water moccasin comes into view.
Found 5 poisoned darts.
You puncture the five-headed hydra!
The five-headed hydra is lightly wounded.
Unknown command.
Okay, then.
Unknown command.
Okay, then.
A red film seems to cover your vision as you go berserk!
You feel yourself moving faster!
You feel mighty!
The water moccasin hisses angrily.
You block the five-headed hydra's attack.
The five-headed hydra misses you. The five-headed hydra bites you!
* * * LOW HITPOINT WARNING * * *
The five-headed hydra misses you.
You block the five-headed hydra's attack.
You barely miss the five-headed hydra.
The five-headed hydra is lightly wounded.
The five-headed hydra completely misses you.
You block the five-headed hydra's attack. x2
The five-headed hydra bites you!
* * * LOW HITPOINT WARNING * * *
The five-headed hydra bites you.
* * * LOW HITPOINT WARNING * * *
You hit the five-headed hydra.
The five-headed hydra is lightly wounded.
You block the water moccasin's attack.
Unknown command.
You puncture the five-headed hydra!
The five-headed hydra is moderately wounded.
Unknown command.
You impale the five-headed hydra!!
The five-headed hydra is severely wounded.
The five-headed hydra closely misses you. x2
You block the five-headed hydra's attack.
The five-headed hydra bites you.
You die...
Y

### .#
##..#####.##
..$.@#.....#
...S#D......
...(#P....#?
............
..#.PP.....#
###....P.#


You could see a five-headed hydra and a water moccasin.

Vanquished Creatures
  A hydra (Lair:3)
  Erica (D:8)
  3 two-headed ogres (D:10)
  4 skeletal warriors (D:8)
  A bog body (Lair:3)
  3 elephants (Lair:3)
  3 black mambas
  4 orange demons
  Maggie (Lair:2)
  An unseen horror (D:6)
  A cane toad (Lair:1)
  A torpor snail (Lair:2)
  An unseen horror zombie (D:8)
  3 komodo dragons
  A kobold demonologist (D:10)
  A red devil (D:10)
  A troll (D:8)
  2 polar bears
  A hornet (D:6)
  A vampire (Bailey)
  14 yaks
  3 steam dragons
  2 acid dragons
  8 water moccasins
  A sky beast (D:7)
  An ice beast (D:5)
  2 ogres
  6 centaurs
  5 wolves
  4 phantoms
  2 necrophages
  5 bullfrogs
  4 kobold brigands
  2 gnoll sergeants
  2 scorpions
  A wyvern zombie (D:8)
  3 wights (D:7)
  17 killer bees
  2 electric eels (D:8)
  7 vampire bats (Bailey)
  8 howler monkeys
  4 wolf zombies (Bailey)
  A jelly (D:5)
  2 quasits (D:10)
  2 centaur zombies (D:8)
  4 hounds
  A gnoll bouda (D:7)
  2 orc priests
  4 iguanas
  8 orc wizards
  A killer bee zombie (D:8)
  2 howler monkey zombies (D:8)
  Robin (D:2)
  11 gnolls
  5 adders
  A white imp (D:6)
  2 ufetubi
  3 worms
  3 dart slugs (D:1)
  12 orcs
  4 bats
  11 endoplasms
  5 giant cockroaches
  13 goblins
  7 hobgoblins
  2 jackals (D:2)
  27 kobolds
  4 quokkas
  9 ball pythons
  5 frilled lizards
  21 orc zombies (Bailey)
  6 rats
317 creatures vanquished.

Vanquished Creatures (collateral kills)
  Amaemon (Lair:1)
  A bog body (Lair:3)
  2 black mambas
  A gargoyle (Bailey)
  A cane toad (Lair:1)
  2 wyverns
  3 yaks
  An orc warrior (D:9)
  A centaur (D:6)
  A wolf (D:8)
  A kobold brigand (D:7)
  4 bullfrogs
  A necrophage (D:6)
  2 killer bees (D:9)
  2 vampire bats (Bailey)
  3 electric eels (D:8)
  4 howler monkeys
  A centaur zombie (D:8)
  3 orc wizards (D:8)
  A howler monkey zombie (D:8)
  2 gnolls (D:8)
  4 adders
  2 orcs (D:9)
  4 kobolds (D:10)
  An orc zombie (Bailey)
49 creatures vanquished.

Vanquished Creatures (others)
  8 hexers
  A demonic plant (D:10)
  2 fungi
  13 plants
24 creatures vanquished.

Grand Total: 390 creatures vanquished

Notes
Turn   | Place    | Note
-------+----------+-------------------------------------------
     0 | D:1      | porpoise the Kobold Brigand began the quest for the Orb.
     0 | D:1      | Reached XP level 1. HP: 12/12 MP: 1/1
   147 | D:1      | Reached XP level 2. HP: 18/18 MP: 2/2
   260 | D:1      | Found a faded altar of an unknown god.
   488 | D:1      | Reached XP level 3. HP: 22/22 MP: 3/3
  1093 | D:2      | Identified the +2 helmet "Jozxaonk" {Dex+3}
  1153 | D:2      | Reached skill level 3 in Fighting
  1512 | D:2      | Reached XP level 4. HP: 28/28 MP: 4/4
  1541 | D:2      | Noticed Robin
  1674 | D:2      | Killed Robin
  1923 | D:2      | Found a hazy altar of Hepliaklqana.
  1928 | D:2      | Became a worshipper of Hepliaklqana the Forgotten
  2076 | D:2      | Reached XP level 5. HP: 32/32 MP: 5/5
  2716 | D:3      | Found a glowing silver altar of Zin.
  2946 | D:3      | Reached * piety under Hepliaklqana
  3443 | D:4      | Noticed an ogre
  3446 | D:4      | Killed an ogre
  3447 | D:4      | Reached skill level 4 in Fighting
  3447 | D:4      | Reached XP level 6. HP: 16/34 MP: 6/6
  3579 | D:4      | Reached skill level 5 in Short Blades
  3940 | D:4      | Reached XP level 7. HP: 39/39 MP: 7/7
  4157 | D:4      | Reached skill level 5 in Fighting
  4259 | D:4      | Reached ** piety under Hepliaklqana
  4260 | D:4      | Remembered your ancestor Becki as a hexer
  4606 | D:5      | Entered Level 5 of the Dungeon
  4843 | D:5      | Noticed a water moccasin
  4844 | D:5      | Noticed a water moccasin
  4845 | D:5      | Noticed an acid dragon
  4865 | D:5      | Killed a water moccasin
  4866 | D:5      | Reached XP level 8. HP: 26/45 MP: 8/8
  5173 | D:5      | Reached skill level 6 in Fighting
  5668 | D:6      | Reached skill level 7 in Fighting
  5668 | D:6      | Reached skill level 10 in Stealth
  5678 | D:6      | Reached XP level 9. HP: 38/51 MP: 9/9
  6052 | D:6      | Reached skill level 8 in Fighting
  6090 | D:6      | Noticed a hornet
  6094 | D:6      | Killed a hornet
  6165 | D:6      | Killed an unseen horror
  6166 | D:6      | Reached skill level 9 in Fighting
  6618 | D:6      | Found a staircase to the Ecumenical Temple.
  6619 | D:6      | Identified the amulet "Enuotiko" {Reflect Str+5 SH+5}
  6854 | D:7      | Reached skill level 10 in Fighting
  6854 | D:7      | Reached skill level 10 in Short Blades
  6946 | D:7      | Reached XP level 10. HP: 54/61 MP: 10/10
  7239 | D:7      | Found an ornate altar of the Wu Jian Council.
  7439 | D:7      | Reached skill level 1 in Invocations
  7880 | D:7      | Reached skill level 11 in Fighting
  7885 | D:7      | Reached *** piety under Hepliaklqana
  8102 | D:8      | Found a basalt altar of Yredelemnul.
  8161 | D:8      | Noticed a skeletal warrior
  8163 | D:8      | Noticed a skeletal warrior
  8164 | D:8      | Noticed a skeletal warrior
  8164 | D:8      | Noticed a skeletal warrior
  8165 | D:8      | Killed a skeletal warrior
  8166 | D:8      | Reached skill level 12 in Fighting
  8166 | D:8      | Reached skill level 5 in Dodging
  8258 | D:8      | Noticed Erica
  8262 | D:8      | Killed Erica
  8301 | D:8      | Reached skill level 5 in Invocations
  8409 | D:8      | Reached XP level 11. HP: 68/68 MP: 14/14
  8500 | D:8      | Reached skill level 13 in Fighting
  8948 | D:8      | Killed a skeletal warrior
  8949 | D:8      | Reached skill level 14 in Fighting
  9196 | D:8      | Found a staircase to the Lair.
  9288 | D:8      | Killed a skeletal warrior
  9301 | D:8      | Killed a skeletal warrior
  9302 | D:8      | Reached skill level 1 in Shields
  9583 | D:9      | Identified a scroll of acquirement
  9583 | D:9      | Acquired a manual of Shields
  9635 | D:9      | Found a flagged portal.
  9791 | Bailey   | Entered a bailey
  9910 | Bailey   | Reached skill level 1 in Evocations
  9924 | Bailey   | Reached skill level 15 in Fighting
 10083 | Bailey   | Identified the +6 scale mail of Impermeability {rF- rC+
                  | Dex+4 Stlth+}
 10295 | Bailey   | Identified the +1 pair of boots of the Game Afoot {rC+ rN+
                  | Str-5}
 10662 | D:9      | Found a broken altar of Ashenzari.
 10907 | D:9      | Noticed a +0 hand axe
 10907 | D:9      | Noticed a +0 dagger
 10909 | D:9      | Found a hide-covered altar of Uskayaw.
 11213 | D:10     | Entered Level 10 of the Dungeon
 11227 | D:10     | Reached XP level 12. HP: 75/79 MP: 15/15
 11562 | D:10     | Noticed a two-headed ogre
 11567 | D:10     | Noticed a two-headed ogre
 11573 | D:10     | Killed a two-headed ogre
 11574 | D:10     | Reached skill level 5 in Shields
 11605 | D:10     | Killed a two-headed ogre
 11606 | D:10     | Reached skill level 16 in Fighting
 11606 | D:10     | Reached skill level 5 in Evocations
 12276 | D:10     | Noticed a two-headed ogre
 12282 | D:10     | Killed a two-headed ogre
 12812 | Lair:1   | Entered Level 1 of the Lair of Beasts
 12815 | Lair:1   | Reached **** piety under Hepliaklqana
 13258 | Lair:1   | Reached skill level 1 in Armour
 13573 | Lair:1   | Noticed Amaemon
 13588 | Lair:1   | Killed Amaemon
 14046 | Lair:1   | Found a glowing silver altar of Zin.
 14051 | Lair:1   | Reached XP level 13. HP: 83/83 MP: 17/17
 14839 | Lair:2   | Noticed Maggie
 14843 | Lair:2   | Killed Maggie
 14887 | Lair:2   | Reached skill level 5 in Throwing
 15185 | Lair:3   | Reached skill level 10 in Shields
 15283 | Lair:3   | Found a hole to the Spider Nest.
 15355 | Lair:3   | Found a staircase to the Swamp.
 15512 | Lair:3   | Found a runed translucent gate.
 15512 | Lair:3   | Found a runed translucent gate.
 15512 | Lair:3   | Found a runed translucent gate.
 15513 | Lair:3   | Noticed a 12-headed hydra
 15516 | Lair:3   | Noticed Oggein's ghost (journeyman MyBe)
 15518 | Lair:3   | Noticed a nine-headed hydra
 15535 | Lair:3   | Killed a 12-headed hydra
 15543 | Lair:3   | Noticed a five-headed hydra
 15549 | Lair:3   | HP: 5/124 [five-headed hydra (12)]
 15552 | Lair:3   | Slain by a five-headed hydra

Illustrated notes

Levels and vault maps discovered:
D:1:      erik_arrival_blinker_ship, layout_loops_corners,
          hellmonk_ecumenical_altar_defaced_shrine
D:2:      kennysheep_six_static_rooms, layout_loops_ring, basic_altar,
          nicolae_figureground_sparkle, uniq_robin
D:3:      layout_loops_corners, amcnicky_altar_gilded, minmay_misc_feat_room,
          roderic_lattice_a
D:4:      layout_loops_corners
D:5:      layout_loops_ring, minmay_manual_moon
D:6:      layout_loops_ring, minmay_temple_entry_poolview, eino_tiny_chamber
D:7:      layout_basic, nicolae_wu_jian_wuxing_cycle
D:8:      minmay_flawed_box, layout_rooms, nicolae_yredelemnul_corpse_copse,
          erik_lair_island, uniq_erica
D:9:      layout_loops_ring, nicolae_overflow_hidden_temple,
          dancing_weapons_uskayaw, enter_bailey_8, kennysheep_generic_room_10
D:10:     layout_roguey, serial_demonic, serial_demonic_d, serial_demonic_d,
          serial_demonic_b, serial_demonic_c, serial_demonic_g,
          amcnicky_mini_pool_small, minmay_misc_feat_doors,
          nicolae_concentric_dashed_squares_mild, minivault_16
Lair:1:   wander_river, layout_chaotic_city, lemuel_centaur_altar,
          infiniplex_staircase_pool_2, uniq_amaemon
Lair:2:   layout_misc_corridors, minivault_26, lemuel_fruit_fields, uniq_maggie
Lair:3:   lemuel_ratsnest, layout_misc_corridors, skrybe_swamp_entry_bodies,
          spider_nest_entry_web_field, gammafunk_ghost_hydra_chop,
          kennysheep_catoblepas_arena, lemuel_fruit_tree

Skill      XL: |  1  2  3  4  5  6  7  8  9 10 11 12 13 |
---------------+----------------------------------------+-----
Short Blades   | 3 4 5 6 8 10 | 10.6
Stealth        | 6 7 8 10 11 12 | 12.0
Fighting       | 3 4 5 7 10 12 15 16 | 16.0
Dodging        | 6 9 |  9.0
Invocations    | 5 |  5.7
Shields        | 4 9 10 | 10.5
Evocations     | 3 5 |  5.0
Armour         | 2 4 |  4.7
Throwing       | 3 6 |  6.0

Action                   |  1- 3 |  4- 6 |  7- 9 | 10-12 | 13-15 || total
-------------------------+-------+-------+-------+-------+-------++-------
Melee: Dagger            |    56 |    85 |   129 |   364 |   160 ||   794
       Unarmed           |       |     4 |       |       |       ||     4
       Punch             |       |     1 |     2 |     2 |       ||     5
       Short sword       |       |       |    89 |   348 |       ||   437
       Mace              |       |       |       |    14 |       ||    14
Throw: Dart              |       |     6 |       |    12 |     2 ||    20
Invok: Ancestor Identity |       |     1 |     1 |       |       ||     2
       Ancestor Life: He |       |       |     1 |       |       ||     1
       Recall Ancestor   |       |       |       |     4 |       ||     4
Evoke: Wand              |       |       |       |       |     3 ||     3
  Use: Scroll            |       |     4 |     6 |    23 |     3 ||    36
       Potion            |       |     2 |       |     4 |     1 ||     7
 Stab: Sleeping          |    30 |    26 |    14 |    29 |     2 ||   101
       Distracted        |     1 |       |     3 |     9 |     3 ||    16
       Confused          |       |       |     4 |    15 |     3 ||    22
       Invisible         |       |       |       |     7 |       ||     7
       Paralysed         |       |       |       |       |     1 ||     1
Armor: Robe              |     7 |    10 |       |       |       ||    17
       Leather armour    |       |     1 |    37 |    80 |    25 ||   143
Dodge: Dodged            |    11 |    47 |    82 |   279 |    64 ||   483
Block: Other             |       |    13 |    30 |    13 |       ||    56
       Reflection        |       |       |     1 |     9 |       ||    10
       Buckler           |       |       |       |   297 |    76 ||   373

Table legend: (Time is in decaauts)
 A = Elapsed time spent in this place.
 B = Non-inter-level travel time spent in this place.
 C = Inter-level travel time spent in this place.
 D = Time resting spent in this place.
 E = Time spent auto-exploring this place.
 F = Levels seen in this place.
 G = Mean time per level.
                   A        B        C        D        E       F      G
               +--------+--------+--------+--------+--------+-----+--------+
         Total |  15062 |  14423 |    639 |   3206 |   8281 |  14 | 1075.9 |
       Dungeon |  11860 |  11290 |    570 |   2288 |   6875 |  10 | 1186.0 |
          Lair |   2654 |   2585 |     69 |    772 |   1361 |   3 |  884.7 |
        Bailey |    547 |    547 |      0 |    146 |     45 |   1 |  547.0 |
               +--------+--------+--------+--------+--------+-----+--------+

Top non-repeatable levels by time:
     D:8: 1592 daAuts
  Lair:1: 1547 daAuts
    D:10: 1372 daAuts
     D:4: 1370 daAuts
     D:7: 1138 daAuts
     D:2: 1134 daAuts
     D:9: 1131 daAuts
     D:3: 1129 daAuts
     D:1: 1078 daAuts
     D:6: 1053 daAuts
     D:5: 860 daAuts
  Lair:2: 724 daAuts
  Bailey: 547 daAuts
  Lair:3: 382 daAuts
